Unix NetHack Version 5.0.0-0 post-release - last build Jun 10 2026 00:39:30 (3ee93aec679c4c4259841fe613dc97188e26a321,branch:main).

Game began 2026-06-11 00:42:43, ended 2026-06-11 00:50:04.

CyberFan, lawful female dwarven Archeologist

                           ------
                           |....|
                           |d....#
                           ..d.%|#
                           |dd..|#
                           +@dd.|#
                           ------##
                                  ##  ----------------
                                   ###|..>..).........
                                     #|..............|
                                     #|..............|
                                     #-.....G........|
                                      ----------------

CyberFan the Field Worker  St:15 Dx:12 Co:8 In:16 Wi:16 Ch:9  Lawful
Dlvl:4  $:37 HP:0(22) Pw:13(13) AC:8  Xp:3/45 T:1105 

Latest messages:
 There is a gecko corpse here; eat it? [ynq] (n)
 This gecko corpse tastes terrible!
 You stop eating the gecko corpse.
 The werejackal changes into a jackal.
 You descend the stairs.
 You climb up the stairs.
 The werejackal bites!
 You miss the werejackal.
 The werejackal summons help!
 A jackal suddenly appears next to you!
 A jackal suddenly appears next to you!
 A jackal suddenly appears next to you!
 A jackal suddenly appears next to you!
 A coyote suddenly appears next to you!
 The werejackal bites!
 The jackal bites!
 The jackal bites!
 The jackal bites!
 The werejackal bites!
 #
 You begin praying to Quetzalcoatl.
 You are surrounded by a shimmering light.
 The coyote starts to attack you, but pulls back.
 The jackal starts to attack you, but pulls back.
 The jackal starts to attack you, but pulls back.
 The jackal starts to attack you, but pulls back.
 The werejackal starts to attack you, but pulls back.
 The coyote starts to attack you, but pulls back.
 The jackal starts to attack you, but pulls back.
 The jackal starts to attack you, but pulls back.
 The jackal starts to attack you, but pulls back.
 The werejackal starts to attack you, but pulls back.
 The coyote starts to attack you, but pulls back.
 The jackal starts to attack you, but pulls back.
 The jackal starts to attack you, but pulls back.
 The jackal starts to attack you, but pulls back.
 The werejackal starts to attack you, but pulls back.
 You finish your prayer.
 You feel that Quetzalcoatl is well-pleased.
 Your pick-axe softly glows with a light blue aura.
 The jackal bites!
 In what direction?
 This door is locked.
 What do you want to use or apply? [ae-iw or ?*]
 In what direction do you want to dig? [hynjb>]
 You start chopping at the door.
 The coyote bites!
 You stop digging.
 The jackal bites!
 You die...

Inventory:
 Coins    ('$')
  $ - 37 gold pieces
 Weapons  (')')
  a - a blessed +2 bullwhip
 Armor    ('[')
  c - an uncursed +0 fedora (being worn)
  y - an uncursed +0 leather cloak (being worn)
  b - an uncursed +0 leather jacket (being worn)
 Comestibles  ('%')
  d - 3 uncursed food rations
  r - 3 uncursed lichen corpses
 Scrolls  ('?')
  m - an uncursed scroll of confuse monster
  p - an uncursed scroll of enchant weapon
  k - an uncursed scroll of identify
  l - 2 uncursed scrolls of remove curse
 Potions  ('!')
  B - an uncursed potion of extra healing
  j - 2 uncursed potions of gain ability
  A - an uncursed potion of levitation
  n - an uncursed potion of restore ability
  o - an uncursed potion of see invisible
  u - an uncursed potion of water
 Rings    ('=')
  v - an uncursed ring of teleportation
 Wands    ('/')
  w - an uncursed wand of cold (0:7)
 Tools    ('(')
  h - an empty uncursed sack
  e - a blessed +0 pick-axe (weapon in right hand)
  i - an uncursed tin opener
  f - an uncursed tinning kit (0:98)
 Gems/Stones  ('*')
  x - an uncursed fluorite stone
  g - an uncursed touchstone

CyberFan the Archeologist's attributes:

Background:
 You were a Field Worker, a level 3 female dwarven Archeologist.
 You were lawful, on a mission for Quetzalcoatl
 who was opposed by Camaxtli (neutral) and Huhetotl (chaotic).
 You were right-handed.
 You were in the Dungeons of Doom, on level 4.
 You entered the dungeon 1105 turns ago.
 It was the midnight hour.
 You had 45 experience points, 35 more were needed to attain level 4.

Basics:
 You had 0 out of 22 hit points.
 You had all 13 energy points (spell power).
 Your armor class was 8.
 Your wallet contained 37 zorkmids.
 Autopickup was on for '$%?!"=/*' plus thrown, with exceptions.

Final Characteristics:
 Your strength was 15 (limit:18/100).
 Your dexterity was 12 (limit:20).
 Your constitution was 8 (limit:20).
 Your intelligence was 16 (limit:16).
 Your wisdom was 16 (limit:16).
 Your charisma was 9 (limit:16).

Final Status:
 You weren't hungry.
 You were unencumbered.
 You were wielding a pick-axe.
 You had basic skill with pick-axe.

Final Attributes:
 You were devoutly aligned.
 You had automatic searching.
 You had infravision.
 You were warded.
 You were lucky.
 You are dead.

Miscellaneous:
 You disabled loading and storing of bones levels.
 Total elapsed playing time was 7 minutes and 20 seconds.

Major events:
 Turn
    1: CyberFan the lawful female dwarven Archeologist entered the dungeon
  845: attained the rank of Field Worker (level 3)
 1097: entered the Gnomish Mines
 1105: killed by a jackal

You didn't know any spells.

Skills:
 Fighting Skills
   bare handed combat [Unskilled]
   two weapon combat  [Unskilled]
   riding             [Unskilled]
 Weapon Skills
   dagger             [Unskilled]
   knife              [Unskilled]
   pick-axe           [Basic]
   short sword        [Unskilled]
   saber              [Unskilled]
   club               [Unskilled]
   quarterstaff       [Unskilled]
   sling              [Unskilled]
   dart               [Unskilled]
   boomerang          [Unskilled]
   whip               [Basic]
   unicorn horn       [Unskilled]
 Spellcasting Skills
   attack spells      [Unskilled]
   healing spells     [Unskilled]
   divination spells  [Unskilled]
   matter spells      [Unskilled]

Voluntary challenges:
 Character rerolling was not enabled.
 You never genocided any monsters.
 You never polymorphed an object.
 You never changed form.
 You used no wishes.
Achievements:
 You entered a shop.
 You attained the rank of Field Worker.
 You entered the Gnomish Mines.

 The Dungeons of Doom: levels 1 to 6
    Level 1:
    Level 2:
       A general store, an altar.
    Level 3:
       Some fountains.
    Level 4: <- You were here.
       Stairs down to The Gnomish Mines.
       Final resting place for
          you, killed by a jackal.
    Level 5:
       Some fountains.
    Level 6:
 The Gnomish Mines:
    Level 5:


Vanquished creatures:
 an acid blob
  a yellow mold
  a garter snake
  4 geckos
  3 jackals
  a kobold
  2 goblins
  a sewer rat
  5 grid bugs
  5 lichens
  a kobold zombie
  3 newts
28 creatures vanquished.

No species were genocided or became extinct.

Game over:
                       ----------
                      /          \
                     /    REST    \
                    /      IN      \
                   /     PEACE      \
                  /                  \
                  |     CyberFan     |
                  |      37 Au       |
                  |   killed by a    |
                  |      jackal      |
                  |                  |
                  |                  |
                  |       2026       |
                 *|     *  *  *      | *
        _________)/\\_//(\/(/\)/\//\/|_)_______

Goodbye CyberFan the Archeologist...

You died in The Dungeons of Doom on dungeon level 4 with 464 points,
and 37 pieces of gold, after 1105 moves.
You were level 3 with a maximum of 22 hit points when you died.

